 Dungeon Sprint DCSS version 0.17-a0-2171-ga91b4ec (webtiles) character file.

6578 Kidiri the Blocker (level 10, -5/100 HPs)
             Began as a Minotaur Fighter on Oct 25, 2015.
             Was a High Priest of Okawaru.
             Killed by drain life
             ... invoked by a soul eater
             ... summoned by an orc sorcerer
              (19 damage)
             ... while paralysed by an orc sorcerer
             ... in the Dungeon (Sprint VII: "The Pits").
             The game lasted 00:11:24 (2100 turns).

Kidiri the Blocker (Minotaur Fighter)               Turns: 2100, Time: 00:11:24

Health: -5/100     AC: 28    Str: 24    XL:     10   Next: 71%
Magic:  14/14      EV:  2    Int:  5    God:    Okawaru [*****.]
Gold:   0          SH:  0    Dex: 10    Spells: 0 memorised, 9 levels left

rFire  . . .     SeeInvis .     w - +2 war axe (chop)
rCold  . . .     Clarity  .     x - +4 chain mail
rNeg   . . .     SustAt   .     c - +0 shield
rPois  .         Gourm    .     (helmet restricted)
rElec  .         Spirit   .     v - +0 cloak
rCorr  .         Warding  .     (no gloves)
rMut   .         NoTele   +     s - +0 pair of boots
MR     .....                    (no amulet)
Stlth  ..........               t - +3 ring of protection
                                l - +3 ring of protection

@: paralysed, heroism, not resistant to hostile enchantments, extremely
unstealthy
A: retaliatory headbutt, horns 2
a: Heroism, Finesse, Renounce Religion


You were in the Dungeon.
You worshipped Okawaru.
Okawaru was extremely pleased with you.
You were not hungry.

You visited 1 branch

Inventory:

Hand Weapons
 w - a +2 war axe of chopping (weapon)
Missiles
 b - 7 tomahawks (quivered)
 y - 4 poisoned tomahawks
Armour
 c - a +0 shield (worn)
 s - a +0 pair of boots (worn)
 v - a +0 cloak (worn)
 x - a +4 chain mail (worn)
Jewellery
 l - a +3 ring of protection (left hand)
 t - a +3 ring of protection (right hand)
Scrolls
 k - a scroll of blinking
 o - 3 scrolls of remove curse
 p - 5 scrolls of amnesia
 q - a scroll of summoning
Potions
 d - 3 potions of might
 f - 8 potions of curing
 g - 6 potions of heal wounds
 h - 2 potions of haste
 i - 4 potions of magic
 j - 3 potions of berserk rage
 n - 2 potions of invisibility
 u - 2 potions of brilliance
Comestibles
 a - 39 fruits
 e - 7 bread rations
 m - 7 meat rations
 r - 11 chunks of flesh


   Skills:
 * Level 12.9(17.9) Fighting
 * Level 12.7(17.7) Axes
 + Level 7.6(12.6) Throwing
 * Level 12.9(17.9) Armour
 * Level 11.5(16.5) Dodging
 * Level 13.0(18.0) Shields
 + Level 7.5 Invocations


You had 9 spell levels left.
You didn't know any spells.

Dungeon Overview and Level Annotations

Branches:
Dungeon (1/1)

Altars:
Ashenzari
Cheibriados
Dithmenos
Elyvilon
Fedhas
Gozag
Kikubaaqudgha
Makhleb
Nemelex Xobeh
Okawaru
Qazlal
Ru
Sif Muna
Trog
Vehumet
Xom
Yredelemnul
Zin
The Shining One
Beogh
Jiyva
Lugonu

Annotations:
D Prince Ribbit


Innate Abilities, Weirdness & Mutations

You reflexively headbutt those who attack you in melee.
You have a pair of horns on your head.


Message History

You block the hellwing's attack. x2
You slice the manticore!!
You kill the manticore!
Okawaru accepts your kill.
Your base Shields skill increases to level 13!
You hit the hellwing.
The hellwing is severely wounded.
The orc sorcerer gestures at you while chanting.
You suddenly lose the ability to move!
The hellwing hits you.
* * * LOW HITPOINT WARNING * * *
The hellwing hits you but does no damage.
The hellwing hits you!
* * * LOW HITPOINT WARNING * * *
The hellwing hits you but does no damage.
The orc sorcerer hits you but does no damage.
The hellwing disappears in a puff of smoke!
The orc sorcerer hits you but does no damage.
The soul eater draws from the surrounding life force!
You die...

..##......#)..+ #.
..##....###...## #...
..##...##.'[..'.##
....#
..##..##..##'##..##...#
..##..#..##...##..'...#
..##..#..#.....#..#...#
####..+..+.....'.('...+
####..#..#.....#o3#
.[##..#..##...##@.+
.[##..##..##'##).##
))##...##.+...รท[##
))##...)###...###
))##......#...+
###############


You could see a soul eater and an orc sorcerer.

Vanquished Creatures
  An unseen horror (D)
  A swamp dragon (D)
  2 phantasmal warriors (D)
  An orc knight (D)
  An orc sorcerer (D)
  A manticore (D)
  2 guardian mummies (D)
  4 blink frogs (D)
  A two-headed ogre (D)
  A wyvern (D)
  2 fire bats (D)
  A yak (D)
  2 deep elf fighters (D)
  3 vampire mosquitoes (D)
  A water moccasin (D)
  2 orc warriors (D)
  A swamp drake (D)
  A big kobold (D)
  A quasit (D)
  A jelly (D)
  7 orc priests (D)
  4 orc wizards (D)
  A worker ant (D)
  A mummy (D)
  A gnoll (D)
  2 oozes (D)
  An adder skeleton (D)
  8 orcs (D)
  A bat (D)
  7 jackals (D)
  A ball python (D)
  A giant cockroach (D)
  A giant newt (D)
  2 kobolds (D)
  A rat (D)
69 creatures vanquished.

Notes
Turn   | Place    | Note
--------------------------------------------------------------
     0 | D        | Kidiri the Minotaur Fighter began the quest for the Orb.
     0 | D        | Reached XP level 1. HP: 19/19 MP: 0/0
    13 | D        | Reached skill level 4 in Fighting
    13 | D        | Reached skill level 1 in Dodging
    47 | D        | Found a sacrificial altar of Ru.
    47 | D        | Found a basalt altar of Yredelemnul.
    47 | D        | Found a shadowy altar of Dithmenos.
    47 | D        | Found a deep blue altar of Sif Muna.
    47 | D        | Found a burning altar of Makhleb.
    47 | D        | Found a shimmering altar of Xom.
    47 | D        | Found an ancient bone altar of Kikubaaqudgha.
    47 | D        | Found a sparkling altar of Nemelex Xobeh.
    48 | D        | Found a glowing golden altar of the Shining One.
    48 | D        | Found a bloodstained altar of Trog.
    48 | D        | Found a shattered altar of Ashenzari.
    48 | D        | Found a white marble altar of Elyvilon.
    48 | D        | Found a snail-covered altar of Cheibriados.
    48 | D        | Found a blossoming altar of Fedhas.
    48 | D        | Found a radiant altar of Vehumet.
    48 | D        | Found a glowing silver altar of Zin.
    48 | D        | Found a corrupted altar of Lugonu.
    48 | D        | Found a viscous altar of Jiyva.
    48 | D        | Found a roughly hewn altar of Beogh.
    48 | D        | Found an iron altar of Okawaru.
    54 | D        | Found a stormy altar of Qazlal.
    55 | D        | Found an opulent altar of Gozag.
    57 | D        | Became a worshipper of Warmaster Okawaru
    79 | D        | Reached XP level 2. HP: 25/27 MP: 1/1
    86 | D        | Noticed a worker ant
    94 | D        | Killed a worker ant
    94 | D        | Reached skill level 1 in Throwing
    94 | D        | Reached skill level 1 in Invocations
    94 | D        | Reached XP level 3. HP: 21/34 MP: 2/2
   299 | D        | Noticed a fire bat
   302 | D        | Reached skill level 5 in Fighting
   304 | D        | Reached skill level 5 in Shields
   545 | D        | Killed a fire bat
   545 | D        | Reached * piety under Okawaru
   545 | D        | Reached skill level 6 in Fighting
   545 | D        | Reached skill level 5 in Dodging
   545 | D        | Reached XP level 4. HP: 15/45 MP: 3/5
   545 | D        | Reached XP level 5. HP: 17/51 MP: 3/6
   819 | D        | Noticed an orc priest
   820 | D        | Noticed Prince Ribbit
   820 | D        | Noticed an orc priest
   820 | D        | Noticed an orc priest
   824 | D        | Noticed a deep elf fighter
   828 | D        | Noticed an orc wizard
   830 | D        | Killed an orc priest
   831 | D        | Killed an orc priest
   831 | D        | Reached skill level 7 in Fighting
   844 | D        | Killed a deep elf fighter
   844 | D        | Reached XP level 6. HP: 59/61 MP: 7/7
   849 | D        | Killed an orc priest
   849 | D        | Reached skill level 8 in Shields
   851 | D        | Noticed an orc priest
   851 | D        | Noticed an orc wizard
   866 | D        | Killed an orc wizard
   869 | D        | Killed an orc priest
   946 | D        | Killed an orc wizard
   946 | D        | Reached XP level 7. HP: 68/68 MP: 8/8
   951 | D        | Noticed a quasit
   961 | D        | Killed a quasit
   961 | D        | Reached ** piety under Okawaru
   973 | D        | Noticed a yak
   981 | D        | Killed a yak
   984 | D        | Noticed a water moccasin
   984 | D        | Noticed a deep elf fighter
  1000 | D        | Killed a deep elf fighter
  1000 | D        | Reached skill level 9 in Fighting
  1005 | D        | Killed a water moccasin
  1189 | D        | Noticed an orc wizard
  1189 | D        | Noticed an orc priest
  1189 | D        | Noticed a two-headed ogre
  1195 | D        | Killed an orc wizard
  1195 | D        | Reached skill level 5 in Throwing
  1200 | D        | Killed a two-headed ogre
  1200 | D        | Reached XP level 8. HP: 25/78 MP: 7/10
  1202 | D        | Killed an orc priest
  1202 | D        | Reached skill level 5 in Invocations
  1435 | D        | Noticed a jelly
  1435 | D        | Noticed a wyvern
  1439 | D        | Killed a jelly
  1440 | D        | Killed a wyvern
  1440 | D        | Reached *** piety under Okawaru
  1440 | D        | Reached skill level 10 in Shields
  1447 | D        | Noticed a guardian mummy
  1453 | D        | Killed a guardian mummy
  1453 | D        | Reached skill level 10 in Fighting
  1453 | D        | Reached skill level 10 in Armour
  1454 | D        | Noticed a big kobold
  1460 | D        | Killed a big kobold
  1584 | D        | Noticed a phantasmal warrior
  1590 | D        | Killed a phantasmal warrior
  1590 | D        | Reached skill level 10 in Axes
  1590 | D        | Reached XP level 9. HP: 50/86 MP: 10/12
  1605 | D        | Killed an unseen horror
  1605 | D        | Received a gift from Okawaru
  1605 | D        | Reached **** piety under Okawaru
  1605 | D        | Reached skill level 11 in Fighting
  1818 | D        | Noticed a swamp drake
  1818 | D        | Noticed an orc priest
  1818 | D        | Noticed an orc wizard
  1820 | D        | Killed an orc wizard
  1825 | D        | Killed a swamp drake
  1830 | D        | Killed an orc priest
  1883 | D        | Noticed a guardian mummy
  1890 | D        | Killed a guardian mummy
  1890 | D        | Reached skill level 10 in Dodging
  1896 | D        | Noticed a fire bat
  1896 | D        | Noticed a blink frog
  1896 | D        | Noticed a blink frog
  1896 | D        | Noticed a blink frog
  1896 | D        | Noticed a blink frog
  1900 | D        | Killed a blink frog
  1902 | D        | Killed a fire bat
  1905 | D        | Killed a blink frog
  1907 | D        | Killed a blink frog
  1908 | D        | Killed a blink frog
  1908 | D        | Reached XP level 10. HP: 75/97 MP: 12/14
  1993 | D        | Noticed a vampire mosquito
  1993 | D        | Noticed an orc knight
  1993 | D        | Noticed an orc warrior
  1993 | D        | Noticed an orc warrior
  1994 | D        | Noticed a vampire mosquito
  1996 | D        | Noticed an orc sorcerer
  1997 | D        | Noticed a phantasmal warrior
  1997 | D        | Killed an orc warrior
  1997 | D        | Received a gift from Okawaru
  1997 | D        | Reached skill level 12 in Shields
  1999 | D        | Noticed a vampire mosquito
  2001 | D        | Noticed an orc priest
  2001 | D        | Killed a vampire mosquito
  2008 | D        | Killed a vampire mosquito
  2011 | D        | Killed a phantasmal warrior
  2014 | D        | Killed a vampire mosquito
  2014 | D        | Reached ***** piety under Okawaru
  2023 | D        | Killed an orc knight
  2027 | D        | Noticed a rust devil
  2033 | D        | Killed an orc sorcerer
  2035 | D        | Killed an orc priest
  2040 | D        | Killed an orc warrior
  2072 | D        | Noticed a swamp dragon
  2076 | D        | Noticed an orc sorcerer
  2077 | D        | Noticed a manticore
  2080 | D        | Noticed a sixfirhy
  2085 | D        | Killed a sixfirhy
  2086 | D        | Paralysed by an orc sorcerer for 2 turns
  2092 | D        | Killed a swamp dragon
  2092 | D        | Received a gift from Okawaru
  2096 | D        | Killed a manticore
  2096 | D        | Reached skill level 13 in Shields
  2096 | D        | Paralysed by an orc sorcerer for 4 turns
  2098 | D        | Noticed a soul eater
  2100 | D        | Killed from afar by a soul eater

Vault maps used:
D:        pitsprint

Action                   |  1- 3 |  4- 6 |  7- 9 | 10-12 || total
-------------------------+-------+-------+-------+-------++-------
Melee: Hand axe          |    38 |    35 |    47 |       ||   120
       War axe           |     2 |       |    42 |    58 ||   102
Throw: Javelin           |       |       |       |     2 ||     2
Invok: Heroism           |       |     1 |     5 |     2 ||     8
  Use: Potion            |     1 |       |       |     3 ||     4
  Eat: Chunk             |       |       |     2 |       ||     2
       Fruit             |       |       |     1 |       ||     1
       Bread ration      |       |       |     1 |       ||     1
